 Dungeon Crawl Stone Soup version 0.26-a0-712-ga5a9c9c9d0 (webtiles) character file.

Game seed: 18240036735136236885

560 Peloso the Slasher (level 7, -1/60 HPs)
             Began as a Minotaur Fighter on Nov 1, 2020.
             Slain by an ice beast (11 damage)
             ... on level 5 of the Dungeon.
             The game lasted 00:06:21 (2779 turns).

Peloso the Slasher (Minotaur Fighter)               Turns: 2779, Time: 00:06:21

Health: -1/60      AC: 13    Str: 21    XL:     7   Next: 9%
Magic:  6/6        EV:  5    Int:  5    God:
Gold:   175        SH: 10    Dex: 11    Spells: 6/6 levels left

rFire    . . .     SeeInvis .   a - +0 long sword
rCold    . . .     Faith    .   c - +0 kite shield
rNeg     . . .     Spirit   .   s - +0 plate armour
rPois    .         Reflect  .   (helmet restricted)
rElec    .         Harm     .   (no cloak)
rCorr    .         Rampage  .   u - +0 pair of gloves
MR       .....                  (no boots)
Stlth    ..........             (no amulet)
HPRegen  0.20/turn              (no ring)
MPRegen  0.10/turn              (no ring)

@: no status effects
A: retaliatory headbutt, horns 2
a: no special abilities


You were on level 5 of the Dungeon.
You visited 1 branch of the dungeon, and saw 4 of its levels.

You collected 175 gold pieces.

Inventory:

Hand Weapons
 a - a +0 long sword (weapon)
 o - a +0 hand crossbow
Armour
 b - a +0 scale mail
 c - a +0 kite shield (worn)
 s - a +0 plate armour (worn)
 u - a +0 pair of gloves (worn)
Scrolls
 e - a scroll of amnesia {unknown}
 g - a scroll of enchant armour {unknown}
 h - 2 scrolls of teleportation {unknown}
 i - a scroll of enchant weapon {unknown}
 j - 4 scrolls of identify {unknown}
 k - a scroll of remove curse {unknown}
 l - a scroll of magic mapping {unknown}
 m - a scroll of fear {unknown}
 q - 2 scrolls of blinking {unknown}
 r - a scroll of noise {unknown}
Potions
 d - a potion of might
 f - 2 potions of stabbing
 n - a potion of heal wounds {unknown}
 t - a potion of mutation {unknown}


   Skills:
 + Level 4.9 Fighting
 + Level 5.8 Long Blades
 + Level 5.6 Armour
 + Level 1.4 Dodging
 + Level 0.1 Stealth
 + Level 5.5 Shields


You had 6 spell levels left.
You didn't know any spells.
Your spell library was empty.

Dungeon Overview and Level Annotations

Branches:
Dungeon (3/15)

Altars:


Innate Abilities, Weirdness & Mutations

You reflexively headbutt those who attack you in melee.
You have a pair of horns on your head.


Message History

You feel better. The adder bites you but does no damage.
The ice beast hits you but does no damage.
You hit the ice beast.
The ice beast is heavily wounded.
The adder bites you but does no damage. The ice beast hits you.
The ice beast freezes you.
Unknown command.
Your shield prevents you from hitting the ice beast.
Your headbutt misses the ice beast.
The ice beast is heavily wounded.
You block the adder's attack. The adder bites you but does no damage.
The ice beast hits you. The ice beast freezes you!
* * * LOW HITPOINT WARNING * * *
Unknown command.
You closely miss the ice beast.
The ice beast is heavily wounded.
You block the adder's attack. The ice beast hits you.
* * * LOW HITPOINT WARNING * * *
The ice beast freezes you!
You die...

######
####+##....#
...........# ..
#.........##....
#.......@.......
#####..SY##....
###### .


You could see an ice beast and an adder.

Vanquished Creatures
  Sigmund (D:2)
  A centaur (D:5)
  A bullfrog (D:3)
  A wyvern skeleton (D:5)
  Natasha (twice) (D:3)
  Terence (D:2)
  6 adders
  3 oozes
  2 dart slugs
  A leopard gecko (D:2)
  An orc (D:3)
  2 giant cockroaches
  10 goblins
  5 hobgoblins
  4 jackals (D:2)
  5 kobolds
  9 bats
  4 frilled lizards
  10 rats
69 creatures vanquished.

Notes
Turn   | Place    | Note
-------+----------+-------------------------------------------
     0 | D:1      | Peloso the Minotaur Fighter began the quest for the Orb.
     0 | D:1      | Reached XP level 1. HP: 19/19 MP: 0/0
   238 | D:1      | Reached XP level 2. HP: 27/27 MP: 1/1
   730 | D:2      | Noticed Terence
   751 | D:2      | Killed Terence
   751 | D:2      | Reached XP level 3. HP: 10/33 MP: 2/2
  1030 | D:2      | Reached XP level 4. HP: 37/40 MP: 3/3
  1474 | D:2      | Noticed Sigmund
  1491 | D:2      | Killed Sigmund
  1491 | D:2      | Reached skill level 1 in Dodging
  1491 | D:2      | Reached skill level 5 in Shields
  1491 | D:2      | Reached XP level 5. HP: 12/47 MP: 4/4
  1832 | D:3      | Reached XP level 6. HP: 36/53 MP: 5/5
  2069 | D:3      | Noticed Natasha
  2086 | D:3      | Killed Natasha
  2357 | D:3      | Reached skill level 5 in Long Blades
  2357 | D:3      | Reached skill level 5 in Armour
  2737 | D:3      | Noticed Natasha
  2752 | D:3      | Killed Natasha
  2760 | D:3      | You fall into a shaft and drop 2 floors!
  2760 | D:5      | Entered Level 5 of the Dungeon
  2767 | D:5      | Noticed an ice beast
  2771 | D:5      | Reached XP level 7. HP: 36/60 MP: 6/6
  2779 | D:5      | Slain by an ice beast

Illustrated notes

Levels and vault maps discovered:
D:1:      wheals_arrival_shading, layout_loops_ring, grunt_decor_mini_mirrors
D:2:      layout_basic, uniq_sigmund, uniq_terence
D:3:      layout_basic, uniq_natasha
D:5:      layout_gridville, nicolae_ru_awakened_eye

Skill      XL: |  1  2  3  4  5  6 |
---------------+-------------------+-----
Shields        | 4 5 |  5.5
Fighting       | 4 |  4.9
Armour         | 4 5 |  5.6
Long Blades    | 3 4 5 |  5.8
Dodging        | 1 |  1.4
Stealth        | |  0.1

Action                   |  1- 3 |  4- 6 |  7- 9 || total
-------------------------+-------+-------+-------++-------
Melee: Long sword        |    70 |   128 |     6 ||   204
       Headbutt          |     7 |    21 |     2 ||    30
  Use: Potion            |     3 |     3 |     1 ||     7
Armor: Scale mail        |    52 |    28 |       ||    80
       Plate armour      |       |    34 |     9 ||    43
Dodge: Dodged            |    26 |    43 |     3 ||    72
Block: Kite shield       |    54 |    66 |     4 ||   124
       Rpst.: Long sword |     7 |    11 |     1 ||    19

Table legend: (Time is in decaauts)
 A = Elapsed time spent in this place.
 B = Non-inter-level travel time spent in this place.
 C = Inter-level travel time spent in this place.
 D = Time resting spent in this place.
 E = Time spent auto-exploring this place.
 F = Levels seen in this place.
 G = Mean time per level.
                   A        B        C        D        E       F      G
               +--------+--------+--------+--------+--------+-----+--------+
         Total |   2818 |   2758 |     60 |      0 |   2160 |   4 |  704.5 |
       Dungeon |   2818 |   2758 |     60 |      0 |   2160 |   4 |  704.5 |
               +--------+--------+--------+--------+--------+-----+--------+

Top non-repeatable levels by time:
     D:2: 1109 daAuts
     D:3: 962 daAuts
     D:1: 724 daAuts
     D:5: 22 daAuts
